 Dungeon Crawl Stone Soup version 0.28-a0-1568-g77cbbf62ba (console) character file.

Game seed: 13147341976000119898

26734 Banquo the Thaumaturge (level 13, -4/92 HPs)
             Began as a Djinni Cinder Acolyte on Jan 20, 2022.
             Was a Follower of Ignis.
             Slain by a cane toad (11 damage)
             ... on level 4 of the Lair of Beasts on Jan 21, 2022.
             The game lasted 01:22:06 (21450 turns).

Banquo the Thaumaturge (Djinni Cinder Acolyte)     Turns: 21450, Time: 01:22:07

Health: -4/92      AC: 26    Str: 20    XL:     13   Next: 60%
Gold:   1277       EV: 13    Int: 23    God:    Ignis [*.....] SH:  5 Dex: 10

rFire   + + +      SeeInvis .   b - +2 trident (venom)
rCold   + . .      Faith    .   (no shield)
rNeg    . . .      Spirit   .   d - +4 ring mail of Degish {rC+}
rPois   ∞          Reflect  +   h - +1 helmet
rElec   +          Harm     .   e - +2 cloak of the Trees {rF+ rCorr Str+7}
rCorr   +          Rampage  .   g - +2 pair of gloves {hurl}
Will    +....                   (boots unavailable)
Stlth   ..........              Q - amulet of Gin and Tonic {Reflect rElec rC+ Int+3 SH+5}
HPRegen 0.25/turn               x - +4 ring of slaying
MPRegen 0.00/turn               (no ring)

@: rising, fiery-armoured, flying
A: sickness immunity, fire resistance 2, cold vulnerability 1, float, innate
caster, hp casting, extra vitality 1, subdued magic 1
a: Renounce Religion, Fiery Armour, Foxfire Swarm


You were on level 4 of the Lair of Beasts.
You worshipped Ignis.
Ignis was aware of your devotion.
You visited 3 branches of the dungeon, and saw 14 of its levels.
You also visited: Bailey.

You collected 1277 gold pieces.

Inventory:

Hand Weapons
 a - a -1 short sword of flaming
 b - a +2 trident of venom (weapon)
 w - a +4 war axe
 y - a +1 scimitar of holy wrath
 z - a +0 rapier
 L - the +3 spear of Acubreno {chaos, Fragile rElec rCorr Str+7}
   (You found it on level 7 of the Dungeon)

   Each time it hits an enemy it has a different, random effect.
   Str:       It affects your strength (+7).
   rElec:     It insulates you from electricity.
   rCorr:     It protects you from acid and corrosion.
   Fragile:   It will be destroyed if unequipped.
 S - a +2 flail of holy wrath
Missiles
 c - 337 stones
 f - 3 javelins
 o - 31 poisoned darts
 u - 32 boomerangs
 O - a throwing net
Armour
 d - the +4 ring mail of Degish (worn) {rC+}
   (You found it on level 3 of the Dungeon)

   rC:        It protects you from cold.
 e - the +2 cloak of the Trees (worn) {rF+ rCorr Str+7}
   (You found it on level 4 of the Dungeon)

   Str:       It affects your strength (+7).
   rF:        It protects you from fire.
   rCorr:     It protects you from acid and corrosion.
 g - a +2 pair of gloves of hurling (worn)
 h - a +1 helmet (worn)
 j - a +2 robe of the Archmagi
 p - a +0 pair of gloves
Jewellery
 x - a +4 ring of slaying (left hand)
 Q - the amulet of Gin and Tonic (around neck) {Reflect rElec rC+ Int+3 SH+5}
   (You took it off an orc priest on level 8 of the Dungeon)

   [amulet of reflection]

   It reflects blocked missile attacks.
   Int:       It affects your intelligence (+3).
   rC:        It protects you from cold.
   rElec:     It insulates you from electricity.
   SH:        It affects your SH (+5).
Wands
 l - a wand of charming (7)
 s - a wand of flame (15)
Scrolls
 v - a scroll of blinking
 H - 3 scrolls of teleportation
 J - 2 scrolls of fear
Potions
 i - a potion of cancellation
 k - 3 potions of curing
 m - a potion of brilliance
 n - 6 potions of ambrosia


   Skills:
 * Level 8.0 Fighting
 - Level 2.6 Short Blades
 * Level 7.2 Armour
 * Level 7.4 Dodging
 * Level 14.4 Spellcasting


You had 20 spell levels left.
You knew the following spells:

 Your Spells              Type           Power      Damage    Failure   Level
a - Scorch                Fire           100%       2d10      0%          2
b - Beastly Appendage     Tmut           100%       N/A       0%          1
c - Freezing Cloud        Conj/Ice/Air   29%        6-21      1%          5
d - Vampiric Draining     Necr           59%        2d10      1%          3
h - Hailstorm             Conj/Ice       59%        3d13      1%          4
i - Ignite Poison         Fire/Tmut/Pois 59%        N/A       1%          3
z - Poisonous Vapours     Pois/Air       100%       N/A       0%          2
Your spell library was empty.

Dungeon Overview and Level Annotations

Branches:
Dungeon (9/15)             Temple (1/1) D:5            Lair (4/6) D:9
  Swamp (0/4) Lair:3       Bailey (visited)
  Snake: Lair:2-4    Spider: Lair:2-4       Orc: D:9-12

Altars:
Ashenzari
Cheibriados
Dithmenos
Elyvilon
Fedhas
Gozag
Hepliaklqana
Kikubaaqudgha
Makhleb
Nemelex Xobeh
Okawaru
Qazlal
Ru
Sif Muna
Trog
Uskayaw
Vehumet
Wu Jian
Xom
Yredelemnul
Zin
The Shining One
Beogh

Shops:
D:8 [


Innate Abilities, Weirdness & Mutations

You are immune to sickness and miasma.
You are immune to poison.
Your flesh is very heat resistant. (rF++)
You are vulnerable to cold. (rC-)
You float through the air rather than walking.
You learn spells naturally, not from books.
Your magical power is your life essence.
You have superior vitality. (+4 MHP)
Your spells are a little easier to cast, but a little less powerful.


Message History

Casting: Scorch (safe; 0% risk of failure)
Press: ? - help, Q - select action, (/) - cycle Dir - look around, f - activate Flames lash the yak.
The yak is burned terribly!
You kill the yak!
* * * LOW HITPOINT WARNING * * *
The cane toad closely misses you.
Casting: Scorch (safe; 0% risk of failure)
Press: ? - help, Q - select action, (/) - cycle Dir - look around, f - activate Flames lash the yak.
The yak is moderately wounded.
The yak's fire resistance burns away.
* * * LOW HITPOINT WARNING * * *
The cane toad is no longer more vulnerable to fire.
The cane toad stings you but does no damage.
The cane toad is burned by your cloak of flames.
The cane toad is heavily wounded.
Unknown command.
Press: ? - help, v - describe, . - travel, g - get item
Here: a cane toad (heavily wounded) Item here: a yak corpse.
The floor.
Unknown command.
Okay, then.
Unknown command.
Unknown command.
Unknown command.
You begin to rise into the air.
The cane toad misses you.
Okay, then.
Unknown command.
Unknown command.
You puncture the cane toad!
The cane toad is poisoned.
The cane toad is severely wounded.
You hear the brisk rumble of a distant avalanche of rocks.
The yak is no longer more vulnerable to fire.
The cane toad stings you!
* * * LOW HITPOINT WARNING * * *
The cane toad is burned by your cloak of flames.
The cane toad is almost dead.
The cane toad stings you!
You die...

....... ......D§##
......#†<# ......#..#
......#... ..>....[.##
.........# .........#
### .........## ##@#
..........## #F####
.#..##.P...####Y##.# .
#..###P.#.....SY..# ..
##.............#.Y##
...
#...........###..Y####
?... ##.##.##.#..P#
###F.#.#...#
#...######...#
#..Y......# #...#
#...## ###.....###


You could see 2 yaks, a cane toad (very poisoned) and a water moccasin.

Vanquished Creatures
  An ice dragon (Lair:2)
  4 hydras
  A two-headed ogre (D:9)
  4 death yaks
  3 orc knights (Bailey)
  4 black mambas
  A torpor snail (Lair:4)
  10 cane toads
  2 rime drakes
  3 komodo dragons
  A queen bee (Lair:3)
  A hornet (D:9)
  10 blink frogs
  A shadow (D:9)
  33 yaks
  A wyvern (Lair:1)
  4 basilisks
  A steam dragon (D:6)
  6 water moccasins
  Duvessa (D:5)
  7 orc warriors
  An ice beast (D:8)
  2 necrophages
  3 wolves (Lair:3)
  2 ogres
  A phantom (D:5)
  4 centaurs
  Blork the orc (D:4)
  7 bullfrogs
  A gnoll sergeant (D:8)
  A scorpion (D:4)
  A water moccasin zombie (D:6)
  Dowan (D:5)
  30 killer bees
  An electric eel (Lair:1)
  3 centaur zombies
  A jelly (D:7)
  6 orc priests (D:8)
  A gnoll shaman (D:8)
  A centaur skeleton (D:6)
  4 hounds
  3 iguanas (D:5)
  2 bullfrog skeletons
  4 orc wizards (D:8)
  2 killer bee zombies
  A hound zombie (D:5)
  A howler monkey zombie (D:9)
  9 adders
  17 gnolls
  2 worms
  2 dart slugs
  31 orcs
  5 ball pythons
  4 endoplasms
  5 giant cockroaches
  14 hobgoblins
  11 jackals
  23 kobolds
  A quokka (D:4)
  6 bats
  3 frilled lizards
  8 goblins
325 creatures vanquished.

Vanquished Creatures (collateral kills)
  A foxfire (Lair:1)
1 creature vanquished.

Vanquished Creatures (others)
  56 foxfires
  15 fungi
  41 plants
112 creatures vanquished.

Grand Total: 438 creatures vanquished

Notes
Turn   | Place    | Note
-------+----------+-------------------------------------------
     0 | D:1      | Banquo the Djinni Cinder Acolyte began the quest for the
                  | Orb.
     0 | D:1      | Reached XP level 1. HP: 20/20 MP: 0/0
   161 | D:1      | Reached XP level 2. HP: 22/25 MP: 0/0
   586 | D:1      | Reached skill level 3 in Spellcasting
   586 | D:1      | Reached XP level 3. HP: 16/30 MP: 0/0
   586 | D:1      | Learned a level 1 spell: Beastly Appendage
  1282 | D:1      | Found a faded altar of an unknown god.
  2404 | D:3      | Reached XP level 4. HP: 28/35 MP: 0/0
  2405 | D:3      | Identified the +4 ring mail of Degish {rC+}
  3437 | D:4      | Identified the +2 cloak of the Trees {rF+ rCorr Str+7}
  3502 | D:4      | Reached XP level 5. HP: 28/40 MP: 0/0
  3502 | D:4      | Learned a level 2 spell: Poisonous Vapours
  3610 | D:4      | Reached skill level 4 in Spellcasting
  3933 | D:4      | Reached skill level 1 in Dodging
  3933 | D:4      | Reached XP level 6. HP: 34/46 MP: 0/0
  4403 | D:4      | Reached skill level 1 in Armour
  5067 | D:5      | Entered Level 5 of the Dungeon
  5209 | D:5      | Reached skill level 5 in Spellcasting
  5209 | D:5      | Reached XP level 7. HP: 34/51 MP: 0/0
  5209 | D:5      | Learned a level 3 spell: Vampiric Draining
  5644 | D:5      | Noticed Blork the orc
  5652 | D:5      | Noticed Dowan
  5700 | D:4      | Killed Blork the orc
  5965 | D:5      | Killed Dowan
  6845 | D:5      | Noticed Duvessa
  7089 | D:5      | Gained mutation: Your spells are a little easier to cast,
                  | but a little less powerful. [potion of mutation]
  7839 | D:6      | Noticed a water moccasin
  7846 | D:6      | Killed a water moccasin
  7847 | D:6      | Reached XP level 8. HP: 37/58 MP: 0/0
  7990 | D:5      | Reached skill level 6 in Spellcasting
  8040 | D:5      | Found a staircase to the Ecumenical Temple.
  8049 | Temple   | Entered the Ecumenical Temple
  9521 | D:6      | You are sucked into a shaft and drop 2 floors!
  9537 | D:8      | Reached skill level 7 in Spellcasting
  9540 | D:8      | Reached XP level 9. HP: 11/63 MP: 0/0
  9540 | D:8      | Learned a level 3 spell: Ignite Poison
  9828 | D:7      | Found a flagged portal.
  9841 | Bailey   | Entered a bailey
  9847 | Bailey   | Noticed an orc knight
  9847 | Bailey   | Noticed an orc knight
 10013 | Bailey   | Noticed an orc knight
 10218 | Bailey   | Killed an orc knight
 10219 | Bailey   | Reached skill level 8 in Spellcasting
 10300 | Bailey   | Killed an orc knight
 10301 | Bailey   | Reached skill level 5 in Fighting
 10425 | Bailey   | Killed an orc knight
 10426 | Bailey   | Reached skill level 9 in Spellcasting
 10426 | Bailey   | Reached XP level 10. HP: 46/70 MP: 0/0
 11668 | D:5      | Killed Duvessa
 12409 | D:7      | Identified the +3 ring mail of the Valley of Death {Drain
                  | +Inv Int+7}
 12457 | D:7      | Identified the +3 spear of Acubreno {chaos, Fragile rElec
                  | rCorr Str+7}
 13291 | D:8      | Identified the amulet of Gin and Tonic {Reflect rElec rC+
                  | Int+3 SH+5}
 13380 | D:8      | Found Esianunt's Armour Shoppe.
 14654 | D:9      | Noticed a two-headed ogre
 14657 | D:9      | Killed a two-headed ogre
 14658 | D:9      | Reached skill level 10 in Spellcasting
 14719 | D:9      | Reached skill level 5 in Armour
 14719 | D:9      | Reached skill level 5 in Dodging
 14793 | D:9      | Reached XP level 11. HP: 71/76 MP: 0/0
 14793 | D:9      | Learned a level 4 spell: Hailstorm
 14823 | D:9      | Found a staircase to the Lair.
 15455 | Lair:1   | Entered Level 1 of the Lair of Beasts
 15574 | Lair:1   | Noticed a seven-headed hydra
 15585 | Lair:1   | Killed a seven-headed hydra
 15586 | Lair:1   | Reached skill level 11 in Spellcasting
 16745 | Lair:1   | Noticed a six-headed hydra
 16752 | Lair:1   | Killed a six-headed hydra
 16753 | Lair:1   | Reached XP level 12. HP: 53/84 MP: 0/0
 17293 | Lair:1   | Reached skill level 12 in Spellcasting
 18460 | Lair:2   | Noticed a seven-headed hydra
 18466 | Lair:2   | Killed a seven-headed hydra
 18961 | Lair:2   | Noticed an ice dragon
 19000 | Lair:2   | Killed an ice dragon
 19347 | Lair:3   | Noticed a death yak
 19347 | Lair:3   | Noticed a death yak
 19347 | Lair:3   | Noticed a death yak
 19348 | Lair:3   | Noticed a death yak
 19354 | Lair:2   | Killed a death yak
 19355 | Lair:2   | Reached skill level 13 in Spellcasting
 19441 | Lair:3   | Killed a death yak
 19488 | Lair:3   | Killed a death yak
 19493 | Lair:3   | Killed a death yak
 19663 | Lair:3   | Reached XP level 13. HP: 82/90 MP: 0/0
 19663 | Lair:3   | Learned a level 5 spell: Freezing Cloud
 20563 | Lair:3   | Reached skill level 14 in Spellcasting
 20899 | Lair:3   | Found a staircase to the Swamp.
 21036 | Lair:4   | Noticed a seven-headed hydra
 21049 | Lair:4   | Noticed an eight-headed hydra
 21364 | Lair:4   | Killed an eight-headed hydra
 21450 | Lair:4   | Slain by a cane toad

Illustrated notes

Levels and vault maps discovered:
D:1:      doesnt_arrival_eight_statues, layout_basic,
          dilly_ecumenical_altar_fadedgnrine
D:2:      layout_rooms
D:3:      layout_loops_ring
D:4:      layout_layer_cave, vehumet_altar_wand_db, kennysheep_cluttered_room
D:5:      layout_layer_cave, minmay_temple_entry_hall, guppyfry_early_lair_pool,
          uniq_duvessa, uniq_blork_the_orc
D:6:      layout_basic, minmay_between
D:7:      layout_basic, enter_bailey_2
D:8:      layout_gridville, serial_shops, nicolae_diamond_shop,
          chequers_serial_rivers_micro_d, minmay_misc_feat_iff,
          david_defended_altar_orc
D:9:      layout_long_grid, lair_entry_dummy
Temple:   mainiacjoe_temple_trianglar_array
Lair:1:   layout_cave_pods, chequers_serial_rivers_small_b, grunt_megastairs_3,
          lemuel_fruit_tree, serial_bayou_shore_b, serial_bayou_shore_a,
          lemuel_fruit_fields, infiniplex_staircase_pool_2
Lair:2:   dragon1_lemuel, layout_chaotic_city, infiniplex_staircase_pool
Lair:3:   layout_long_grid, swamp_mist, special_room [special_room_bee],
          serial_bayou_shore_b
Lair:4:   layout_layer_cave, minmay_snake_entry_guardpost_small,
          ebering_ghost_rock_garden, lightli_volcano_entry_magma_tube

Skill      XL: |  1  2  3  4  5  6  7  8  9 10 11 12 13 |
---------------+----------------------------------------+-----
Spellcasting   | 3 4 5 7 9 10 11 13 14 | 14.4
Dodging        | 1 2 3 4 5 6 7 |  7.4
Armour         | 1 2 4 5 6 7 |  7.2
Fighting       | 4 5 6 7 8 |  8.0
Short Blades   | |  2.6

Action                   |  1- 3 |  4- 6 |  7- 9 | 10-12 | 13-15 || total
-------------------------+-------+-------+-------+-------+-------++-------
Melee: Short sword       |    24 |       |       |       |       ||    24
       Spear             |       |     2 |       |     7 |       ||     9
       Trident           |       |       |       |       |     1 ||     1
 Cast: Scorch            |    47 |    49 |    82 |    93 |    39 ||   310
       Poisonous Vapours |       |    39 |    95 |   114 |    44 ||   292
       Ignite Poison     |       |       |    12 |    61 |    15 ||    88
       Hailstorm         |       |       |       |     7 |     2 ||     9
       Vampiric Draining |       |       |       |     9 |       ||     9
       Freezing Cloud    |       |       |       |       |     8 ||     8
Invok: Fiery Armour      |       |       |     1 |     3 |     2 ||     6
       Foxfire Swarm     |       |       |       |     2 |     1 ||     3
       Rising Flame      |       |       |       |       |     1 ||     1
  Use: Scroll            |       |       |     6 |     7 |     1 ||    14
       Potion            |       |       |     2 |       |       ||     2
Armor: Robe              |     8 |       |       |       |       ||     8
       Ring mail         |       |     9 |    39 |    58 |    22 ||   128
Dodge: Dodged            |    21 |    12 |    56 |    61 |    34 ||   184
Block: Other             |       |       |    20 |    21 |    14 ||    55
       Reflection        |       |       |     1 |     4 |       ||     5

Table legend: (Time is in decaauts)
 A = Elapsed time spent in this place.
 B = Non-inter-level travel time spent in this place.
 C = Inter-level travel time spent in this place.
 D = Time resting spent in this place.
 E = Time spent auto-exploring this place.
 F = Levels seen in this place.
 G = Mean time per level.
                   A        B        C        D        E       F      G
               +--------+--------+--------+--------+--------+-----+--------+
         Total |  21487 |  19986 |   1501 |   5882 |  10690 |  15 | 1432.5 |
       Dungeon |  14400 |  13176 |   1224 |   3614 |   7403 |   9 | 1600.0 |
        Temple |    394 |    372 |     22 |      0 |    371 |   1 |  394.0 |
          Lair |   5636 |   5381 |    255 |   1714 |   2879 |   4 | 1409.0 |
        Bailey |   1054 |   1054 |      0 |    554 |     37 |   1 | 1054.0 |
               +--------+--------+--------+--------+--------+-----+--------+

Top non-repeatable levels by time:
     D:5: 2771 daAuts
     D:4: 2577 daAuts
  Lair:3: 1922 daAuts
  Lair:2: 1814 daAuts
     D:8: 1800 daAuts
  Lair:1: 1777 daAuts
     D:6: 1687 daAuts
     D:1: 1642 daAuts
     D:9: 1368 daAuts
  Bailey: 1054 daAuts
     D:3: 964 daAuts
     D:2: 955 daAuts
     D:7: 632 daAuts
  Temple: 394 daAuts
  Lair:4: 121 daAuts
